Unix NetHack Version 5.0.0-0 post-release - last build May 30 2026 05:04:26 (55804bc15828dd6e32e9076e0726aa6fccb6e981,branch:main).

Game began 2026-05-30 12:17:46, ended 2026-05-30 12:59:48.

DaveT, lawful male human Priest

                             ---              **# # ## ##
                   ---   -----.------------    ## # *# ##.--             ---
                   |.|---|................|----..-.-.-.......           --.--
            ---    |.|...|................|.(%|..|...|.......*      -----...--
            |.--   |.|...-..--|--.)..)...[|..)|..............###  ---.--.....|
      -------..|   |.|...|..|...|..-----..|..+|....|.........##*#--..........|
      |........|   |.-----..|...---|((.|..--|--.|............` # |......---.--
      |..----.--   |........|...|..|((.-..............-......##*#.....--- ---
      |-.|  |.|    |........|---|..|((.|.............|.......#`##.....|
     --..|  |.|    ------...|?.(||------..{..........-...|...........-|
   ---..--  |.|    --|..-...|(((|.....................................------
   |...---- |.|    |.|..|...|...|-|.........|..............................|
   |...|..| |.|    |.----...--|-|......|........................>..........|
   ---....| |.|    |...|.................|----....-.------...............---
     |-..-- |.|    |..^|.)#......-....|..|.%.-...........|..............--
   ---..-|  |.------...|-....{@..........|]..|....-...._.|........----.--
   |.....|  |..........--..|....#........-----.........@.|.....----  ---
   --...--  --..----.......|-....h).......u@.[....|---------.---
    -----    ----  |<-------.....................--        ---
                   ---      ###*# #####`##**# ##
DaveT the Adept              St:16 Dx:12 Co:17 In:9 Wi:17 Ch:8  Lawful
Dlvl:8  $:0  HP:0(70) Pw:82(82) AC:-5 Xp:8 T:6633 

Latest messages:
 You have a little trouble removing 2 puce potions.  Continue? [ynq] (q) y
 You have a little trouble removing q - 2 puce potions.
 Your movements are slowed slightly because of your load.
 What do you want to drink? [mqA or ?*] q
 Your feet are frozen to the floor!
 Your movements are now unencumbered.
 The horse kicks!
 The horse just misses!
 The horse kicks!
 The horse bites!
 The horse kicks!
 The horse bites!
 The horse kicks!
 The horse bites!
 The horse kicks!
 The horse bites!
 The horse kicks!
 The horse bites!
 The horse kicks!
 The horse bites!
 The horse misses!
 The horse bites!
 The horse misses!
 The horse misses!
 The horse kicks!
 The horse bites!
 The horse misses!
 The horse bites!
 The horse kicks!
 The horse bites!
 The horse kicks!
 The horse misses!
 The horse kicks!
 The horse bites!
 The horse kicks!
 The horse bites!
 The horse just misses!
 The horse bites!
 The horse misses!
 The horse bites!
 The horse just misses!
 The horse bites!
 The horse kicks!
 The horse bites!
 The horse just misses!
 The horse misses!
 The horse kicks!
 You die...
 Do you want your possessions identified? [ynq] (y) y
 Do you want to see your attributes? [ynq] (y) q

Inventory:
 Weapons  (')')
  Y - 8 +0 silver arrows
  P - 3 +0 darts
  X - 11 +0 daggers
  K - a blessed +1 aklys
  a - a blessed +3 mace (weapon in right hand)
 Armor    ('[')
  G - a +0 orcish helm (being worn)
  z - a +0 pair of elven boots (being worn)
  c - a +0 small shield (being worn)
  b - a +0 robe (being worn)
  t - a +0 banded mail (being worn)
 Comestibles  ('%')
  e - a clove of garlic
  I - a food ration
  f - a sprig of wolfsbane
 Potions  ('!')
  q - a potion of paralysis
  m - a potion of water
  A - a potion of unholy water
 Tools    ('(')
  W - a bag of holding containing 13 items
  L - a blindfold
  N - a +0 pick-axe
  O - a skeleton key

Contents of the bag of holding:
  1228 gold pieces
  a +0 mummy wrapping
  a cursed scroll of amnesia
  a scroll of fire
  a scroll of identify
  a cursed scroll of identify
  2 potions of holy water
  a potion of water
  a lock pick
  a partly used tallow candle
  7 tallow candles
  a partly used wax candle
  a worthless piece of red glass

DaveT the Priest's attributes:

Background:
 You were an Adept, a level 8 human Priest.
 You were lawful, on a mission for Quetzalcoatl
 who was opposed by Camaxtli (neutral) and Huhetotl (chaotic).
 You were right-handed.
 You were in the Gnomish Mines, on level 8.
 You entered the dungeon 6633 turns ago.
 You had 1437 experience points, 1123 more were needed to attain level 9.

Basics:
 You had 0 out of 70 hit points.
 You had all 82 energy points (spell power).
 Your armor class was -5.
 Your wallet was empty, but
 you had 1228 zorkmids stashed away in your pack.
 Autopickup was off.

Final Characteristics:
 Your strength was 16 (limit:18/100).
 Your dexterity was 12 (limit:18).
 Your constitution was 17 (limit:18).
 Your intelligence was 9 (limit:18).
 Your wisdom was 17 (limit:18).
 Your charisma was 8 (limit:18).

Final Status:
 You weren't hungry.
 You were unencumbered.
 You were wielding a mace.
 You had basic skill with mace and could have enhanced that.

Final Attributes:
 You were piously aligned.
 You were telepathic.
 You were stealthy.
 You had a small defense bonus (+4).
 You were guarded.
 Your spell casting was impaired by metallic armor, mitigated by your robe.
 You were fast.
 You are dead.

Miscellaneous:
 You didn't encounter any bones levels.
 Total elapsed playing time was 42 minutes and 1 second.

Major events:
 Turn
    1: DaveT the lawful human Priest entered the dungeon
 1126: attained the rank of Acolyte (level 3)
 1522: entered the Gnomish Mines
 2739: reached Mine Town
 2833: attained the rank of Adept (level 6)
 6633: killed by a horse, while frozen by a potion

Spells:
 Name                 Level Category     Fail Retention
 detect monsters        1   divination    69%   51%-75%
 protection             1   clerical      69%   61%-70%
 healing                1   healing       52%  76%-100%

Skills:
 Fighting Skills
   bare handed combat [Unskilled]
 Weapon Skills
   club               [Unskilled]
   mace               [Basic]
   morning star       [Unskilled]
   flail              [Unskilled]
   hammer             [Unskilled]
   quarterstaff       [Unskilled]
   polearms           [Unskilled]
   spear              [Unskilled]
   trident            [Unskilled]
   lance              [Unskilled]
   bow                [Unskilled]
   sling              [Unskilled]
   crossbow           [Unskilled]
   dart               [Unskilled]
   shuriken           [Unskilled]
   boomerang          [Unskilled]
   unicorn horn       [Unskilled]
 Spellcasting Skills
   healing spells     [Unskilled]
   divination spells  [Unskilled]
   clerical spells    [Basic]

Voluntary challenges:
 Character rerolling was not enabled.
 You never genocided any monsters.
 You never polymorphed an object.
 You never changed form.
 You used no wishes.
Achievements:
 You entered a shop.
 You attained the rank of Acolyte.
 You entered the Gnomish Mines.
 You entered Minetown.
 You attained the rank of Adept.
 You entered a temple.

 The Dungeons of Doom: levels 1 to 6
    Level 1:
       Some fountains.
    Level 2:
       Some fountains, a grave.
    Level 3:
       A scroll shop, many fountains.
    Level 4: "empty vault"
       Stairs down to The Gnomish Mines.
    Level 5:
       Some fountains.
    Level 6:
 The Gnomish Mines: levels 5 to 9
    Level 5:
    Level 6:
    Level 7:
    Level 8: <- You were here.
       Many shops, a temple and an altar to Quetzalcoatl, some fountains, some trees.
       Final resting place for
          you, killed by a horse, while frozen by a potion.
    Level 9:


Vanquished creatures:
  2 large mimics
  a large dog
  a large cat
  a quivering blob
  a gnome ruler
  a dwarf mummy
 an ogre
  a Green-elf
  a lizard
  a chickatrice
  a housecat
  a blue jelly
  2 dust vortices
  a rock mole
  2 yellow lights
  a shrieker
  a violet fungus
  7 gnome leaders
  a gnomish wizard
  a ghoul
  a giant ant
  3 floating eyes
  2 dwarves
  a rothe
  a rabid rat
  a centipede
  2 giant bats
  5 iguanas
  4 killer bees
  a hobbit
  a hobgoblin
  4 giant rats
  5 cave spiders
  3 yellow molds
  2 green molds
 34 gnomes
  3 garter snakes
  a gnome zombie
  3 geckos
  6 jackals
  a fox
  3 goblins
  4 sewer rats
  6 grid bugs
  6 lichens
  a kobold zombie
  7 newts
140 creatures vanquished.

No species were genocided or became extinct.

Game over:
                       ----------
                      /          \
                     /    REST    \
                    /      IN      \
                   /     PEACE      \
                  /                  \
                  |      DaveT       |
                  |     1228 Au      |
                  |   killed by a    |
                  |      horse       |
                  |                  |
                  |                  |
                  |       2026       |
                 *|     *  *  *      | *
        _________)/\\_//(\/(/\)/\//\/|_)_______

Goodbye DaveT the Priest...

You died in The Gnomish Mines on dungeon level 8 with 7314 points,
and 1228 pieces of gold, after 6633 moves.
You were level 8 with a maximum of 70 hit points when you died.

